 Dungeon Crawl Stone Soup version 0.31-a0-865-g3d5d91748a (webtiles) character file.

Game seed: 969507266748550787

104 ytrimaz the Insei (level 4, -1/28 HPs)
             Began as an Octopode Shapeshifter on Oct 10, 2023.
             Slain by a +0 spectral club (8 damage)
             ... created by Ijyb
             ... on level 3 of the Dungeon.
             The game lasted 00:02:46 (2054 turns).

ytrimaz the Insei (Octopode Shapeshifter)           Turns: 2054, Time: 00:02:46

Health: -1/28      AC:  1    Str: 13    XL:     4   Next: 80%
Magic:  4/4        EV: 13    Int: 12    God:
Gold:   172        SH:  5    Dex: 13    Spells: 3/3 levels left

rFire   . .          .
                       - Unarmed
rCold   . . .        (no shield)
rNeg    . . .        (helmet currently unavailable)
rPois   .            e - amulet of reflection
rElec   .            (no ring)
rCorr   .            (no ring)
SInv    .            (no ring)
Will    .....        (no ring)
Stlth   +++          (no ring)
HPRegen 0.24/turn    (no ring)
MPRegen 0.09/turn    (no ring)
                     (no ring)

%: reflection
@: beast-form
A: beast (slay +1), almost no armour, amphibious, 8 rings, camouflage 1,
gelatinous body 1, (nimble swimmer 1), tentacles
a: Begin Untransformation


You were on level 3 of the Dungeon.
You were a hulking beast.
You visited 1 branch of the dungeon, and saw 3 of its levels.

You collected 172 gold pieces.


Innate Abilities, Weirdness & Mutations

You are a hulking beast.
Your limbs bulge with bestial killing power. (Slay +1)
You cannot wear most types of armour.
You are amphibious.
You can wear up to eight rings at the same time.
Your skin changes colour to match your surroundings (Stealth+).
Your rubbery body absorbs attacks. (AC +1, EV +1)
((You are camouflaged when in or above water. (Stealth+)))
You have tentacles for arms and can constrict up to eight enemies at once.


   Skills:
 - Level 1.0 Fighting
 - Level 2.0 Dodging
 + Level 2.5 Stealth
 - Level 5.0 Unarmed Combat
 - Level 3.0 Shapeshifting


You had 3 spell levels left.
You didn't know any spells.
Your spell library contained the following spells:

 Spells                   Type           Power      Damage    Failure   Level
 Blink                    Tloc           0%         N/A       45%         2
 Manifold Assault         Tloc           0%         N/A       97%         4

Inventory:

Jewellery
 e - an amulet of reflection (around mantle)
   (You found it on level 1 of the Dungeon)
Talismans
 b - a beast talisman (active)
 c - a flux talisman
Scrolls
 f - 2 scrolls of enchant weapon {unknown}
 g - 2 scrolls of teleportation {unknown}
 i - a scroll of blinking {unknown}
 j - 4 scrolls of identify {unknown}
 l - a scroll of poison {unknown}
 m - a scroll of revelation {unknown}
Potions
 a - a potion of lignification
 d - a potion of berserk rage {unknown}
 h - a potion of curing {unknown}
 k - a potion of mutation {unknown}

Dungeon Overview and Level Annotations

Branches:
Dungeon (3/15) Zot: 15953

Altars:

Shops:
D:2 [

Annotations:
D:3 Ijyb

....................##.....
....#..............###.....
....####............##.....
..... ##........)...##.....
.!....#....................
#.........................
#.............##..........
#.....#...(...#####.......
#.....#..h....# #.......
#.....#..g....# #...####
.......#.......# #...#
##.....#.......# #...#
...[..#.......# #####
........# .........#
..#......[#


You could see a +0 spectral club and Ijyb.


Message History

😎 HP[+7]
Your hp is fully restored (28).
You now have 172 gold pieces (gained 12).
A bat comes into view.
A bat is nearby!
A bat is nearby!
The helpless bat fails to defend itself.
You bludgeon the bat!
You kill the bat!
Unknown command.
No target in view!
Unknown command.
You see here a bat corpse.
No target in view!
There is a stone staircase leading down here.
You open the door.
Key pressed, stopping explore.
Key pressed, stopping explore.
A worm comes into view.
The worm moves out of view.
A worm is nearby!
A worm is nearby!
You tentacle-slap the worm. You grab the worm. You constrict the worm.
Unknown command.
You tentacle-slap the worm. x2
You constrict the worm, but do no damage.
The worm bites you. 😕 HP[-5]
You take 5 damage, and now have 23/28 hp.
You tentacle-slap the worm. You squeeze the worm. You constrict the worm.
You kill the worm!
Unknown command.
No target in view!
An orc comes into view. It is wielding a +0 dagger. 😎 HP[+5]
Your hp is fully restored (28).
An orc comes into view. It is wielding a +0 flail.
The orc shouts!
You tentacle-slap the orc. You grab the orc. You squeeze the orc.
You kill the orc!
The orc throws a boomerang.
The boomerang hits you.
The orc throws a boomerang.
The boomerang barely misses you.
Items here: ( ) [ †. 😕 HP[-1]
You take 1 damage, and now have 27/28 hp.
The orc throws a boomerang.
You block the boomerang with an invisible shield... and reflect it back!
The boomerang hits the orc. 😎 HP[+1]
Your hp is fully restored (28).
The orc hits you with a +0 flail! 😮 HP[-10]
You take 10 damage, and now have 18/28 hp.
MASSIVE DAMAGE!! (PAUSE)
You are too injured to fight recklessly!
You barely miss the orc. Your grab misses the orc. You squeeze the orc.
You kill the orc!
You are too injured to fight recklessly!
Things that are here:
a +0 flail; 2 boomerangs; an orc corpse Unknown command.
You are too injured to fight recklessly! 😮 HP[+1]
You are too injured to fight recklessly!
Unknown command.
Key pressed, stopping explore.
Ijyb the Twisted Goblin comes into view.
She is wielding a +0 spectral club and carrying a wand of flame.
Ijyb shouts! 😎 HP[+9]
Your hp is fully restored (28).
Ijyb hits you with a +0 spectral club. The +0 spectral club hits you.
A +0 spectral club comes into view. 😕 HP[-6]
You take 6 damage, and now have 22/28 hp.
MASSIVE DAMAGE!! (PAUSE)
You closely miss Ijyb. Your grab misses Ijyb.
You tentacle-slap Ijyb but do no damage.
You grab Ijyb. You squeeze Ijyb, but do no damage.
You constrict Ijyb, but do no damage. Ijyb hits you with a +0 spectral club.
The +0 spectral club barely misses you. 😮 HP[-3]
You take 3 damage, and now have 19/28 hp.
Unknown command.
You tentacle-slap Ijyb. You constrict Ijyb, but do no damage.
Ijyb hits you with a +0 spectral club.
The +0 spectral club barely misses you. 😮 HP[-2]
You take 2 damage, and now have 17/28 hp.
You are too injured to fight recklessly!
You tentacle-slap Ijyb. You constrict Ijyb, but do no damage.
Ijyb hits you with a +0 spectral club. The +0 spectral club hits you!
* * * LOW HITPOINT WARNING * * *
😱 HP[-10]
You take 10 damage, and now have 7/28 hp.
MASSIVE DAMAGE!! (PAUSE)
You tentacle-slap Ijyb but do no damage.
You constrict Ijyb. Ijyb misses you.
The +0 spectral club hits you but does no damage.
You tentacle-slap Ijyb but do no damage.
You constrict Ijyb. You block Ijyb's attack. The +0 spectral club hits you!
You die...

Skill      XL: |  1  2  3  4 |
---------------+-------------+-----
Unarmed Combat | 4 5 |  5.0
Stealth        | 2 |  2.5
Fighting       | |  1.0
Dodging        | |  2.0
Shapeshifting  | |  3.0

Action                     |  1- 3 |  4- 6 || total
---------------------------+-------+-------++-------
  Melee: Unarmed           |    75 |    27 ||   102
         Constrict         |    20 |     8 ||    28
         Tentacles         |    14 |    13 ||    27
         Punch             |     1 |     2 ||     3
   Stab: Sleeping          |     7 |     3 ||    10
 Armour: Skin              |    20 |    14 ||    34
  Dodge: Dodged            |    34 |    12 ||    46
  Block: Other             |    10 |     5 ||    15
         Reflection        |       |     1 ||     1

Levels and vault maps discovered:
D:1:      kennysheep_arrival_forest, layout_basic,
          chequers_serial_rivers_micro_b
D:2:      layout_rooms, serial_shops, nicolae_shop_advertising_works
          [nicolae_subvault_shop_adworks],
          hellmonk_ecumenical_altar_slurped_away
D:3:      layout_basic, marbit_many_paths, mainiacjoe_overflow_chevrons,
          uniq_terence, uniq_ijyb

Notes
Turn   | Place    | Note
-------+----------+-------------------------------------------
     0 | D:1      | ytrimaz the Octopode Shapeshifter began the quest for the
                  | Orb.
     0 | D:1      | Reached XP level 1. HP: 13/13 MP: 1/1
     0 | D:1      | magus.rc [v1.9.6]
   223 | D:1      | HP: 3/13 [goblin/+0 club (5)]
   226 | D:1      | Reached XP level 2. HP: 3/18 MP: 2/2
   770 | D:1      | Reached skill level 4 in Unarmed Combat
   959 | D:1      | Reached XP level 3. HP: 23/23 MP: 3/3
  1115 | D:2      | Found a faded altar of an unknown god.
  1305 | D:2      | Found Ighyogopig's Armour Boutique.
  1657 | D:3      | Reached XP level 4. HP: 28/28 MP: 4/4
  1740 | D:3      | You add the spells Blink and Manifold Assault to your
                  | library.
  1838 | D:3      | Noticed Terence
  1848 | D:3      | Killed Terence
  1849 | D:3      | Reached skill level 5 in Unarmed Combat
  1849 | D:3      | Reached skill level 2 in Stealth
  2045 | D:3      | Noticed Ijyb
  2052 | D:3      | HP: 7/28 [+0 spectral club[Ijyb] (9)]
  2054 | D:3      | Slain by a +0 spectral club

Vanquished Creatures
  Terence (D:3)
  4 worms
  3 dart slugs
  6 orcs
  4 endoplasms
  7 goblins
  2 hobgoblins
  3 quokkas (D:2)
  5 ball pythons
  6 bats
  6 frilled lizards
  5 kobolds
  4 rats
56 creatures vanquished.

Table legend:
 A = Non-vault XP
 B = Vault XP
 C = Vault XP percentage of total XP
 D = Non-vault monster count
 E = Vault monster count
 F = Vault count percentage of total count
                 A         B        C        D         E       F
            +---------+---------+-------+---------+---------+-------
      Total |     111 |      38 |  25.5 |      54 |       2 |   3.6
            +---------+---------+-------+---------+---------+-------
        D:1 |      36 |       0 |   0.0 |      22 |       0 |   0.0
        D:2 |      39 |       2 |   4.9 |      18 |       1 |   5.3
        D:3 |      36 |      36 |  50.0 |      14 |       1 |   6.7
            +---------+---------+-------+---------+---------+-------

Skill      XL: |  1  2  3  4 |
---------------+-------------+-----
Unarmed Combat | 4 5 |  5.0
Stealth        | 2 |  2.5
Fighting       | |  1.0
Dodging        | |  2.0
Shapeshifting  | |  3.0

Action                     |  1- 3 |  4- 6 || total
---------------------------+-------+-------++-------
  Melee: Unarmed           |    75 |    27 ||   102
         Constrict         |    20 |     8 ||    28
         Tentacles         |    14 |    13 ||    27
         Punch             |     1 |     2 ||     3
   Stab: Sleeping          |     7 |     3 ||    10
 Armour: Skin              |    20 |    14 ||    34
  Dodge: Dodged            |    34 |    12 ||    46
  Block: Other             |    10 |     5 ||    15
         Reflection        |       |     1 ||     1

Illustrated notes

Table legend:
 A = Kills in this place as a percentage of kills in the entire game.
 B = Kills by you in this place as a percentage of kills by you in the entire game.
 C = Kills by friends in this place as a percentage of kills by friends in the entire game.
 D = Other kills in this place as a percentage of other kills in the entire game.
 E = Experience gained in this place as a percentage of experience gained in the entire game.
 F = Experience gained in this place divided by the number of levels of this place that you have seen.
                   A       B       C       D       E      F
               +-------+-------+-------+-------+-------+----------------------
         Total | 100.0 | 100.0 |   N/A |   N/A | 100.0 |  49.7
       Dungeon | 100.0 | 100.0 |   N/A |   N/A | 100.0 |  49.7
               +-------+-------+-------+-------+-------+----------------------

Table legend: (Time is in decaauts)
 A = Elapsed time spent in this place.
 B = Non-inter-level travel time spent in this place.
 C = Inter-level travel time spent in this place.
 D = Time resting spent in this place.
 E = Time spent auto-exploring this place.
 F = Levels seen in this place.
 G = Mean time per level.
                   A        B        C        D        E       F      G
               +--------+--------+--------+--------+--------+-----+--------+
         Total |   2045 |   2008 |     37 |      0 |   1638 |   3 |  681.7 |
       Dungeon |   2045 |   2008 |     37 |      0 |   1638 |   3 |  681.7 |
               +--------+--------+--------+--------+--------+-----+--------+

Top non-repeatable levels by time:
     D:1: 1048 daAuts
     D:2: 579 daAuts
     D:3: 417 daAuts
